 Dungeon Crawl Stone Soup version 0.26-a0-651-gb41185065b (webtiles) character file.

Game seed: 8401181654676191956

4746 Flugslaktarn the Cleaver (level 10, -3/96 HPs)
             Began as a Deep Dwarf Fighter on Oct 7, 2020.
             Was a Believer of Makhleb.
             Killed from afar by Maggie (24 damage)
             ... with a bolt of fire
             ... on level 9 of the Dungeon.
             The game lasted 00:03:15 (5210 turns).

Flugslaktarn the Cleaver (Deep Dwarf Fighter)       Turns: 5210, Time: 00:03:16

Health: -3/96      AC: 18    Str: 24    XL:     10   Next: 22%
Magic:  10/10      EV:  3    Int:  8    God:    Makhleb [**....]
Gold:   165        SH: 16    Dex: 12    Spells: 9/9 levels left

rFire    . . .     SeeInvis .   n - +1 broad axe (flame)
rCold    . . .     Faith    .   d - +0 tower shield
rNeg     . . .     Spirit   .   i - +0 plate armour
rPois    +         Reflect  .   (no helmet)
rElec    .         Harm     .   k - +2 cloak
rCorr    .         Rampage  .   f - +0 pair of gloves
MR       +....                  (no boots)
Stlth    ..........             (no amulet)
HPRegen  0.00/turn              p - ring of poison resistance
MPRegen  0.12/turn              (no ring)

@: non-regenerating
A: damage resistance, heal wounds, sense surroundings 2, no regeneration
a: Heal Wounds, Minor Destruction, Renounce Religion


You were on level 9 of the Dungeon.
You worshipped Makhleb.
Makhleb was pleased with you.
You visited 2 branches of the dungeon, and saw 10 of its levels.

You collected 392 gold pieces.
You spent 227 gold pieces at shops.

Inventory:

Hand Weapons
 n - a +1 broad axe of flaming (weapon)
   (You bought it in a shop on level 9 of the Dungeon)
Armour
 d - a +0 tower shield (worn)
   (You found it on level 6 of the Dungeon)
 f - a +0 pair of gloves (worn)
   (You found it on level 7 of the Dungeon)
 i - a +0 plate armour (worn)
   (You took it off an orc warrior on level 7 of the Dungeon)
 k - a +2 cloak (worn)
   (You took it off Crazy Yiuf on level 4 of the Dungeon)
Jewellery
 p - a ring of poison resistance (left hand)
   (You found it on level 1 of the Dungeon)
Wands
 g - a wand of digging (7)
   (You found it on level 8 of the Dungeon)
Scrolls
 b - 2 scrolls of fog
 l - a scroll of blinking {unknown}
 m - a scroll of fear
 t - 2 scrolls of teleportation
 x - 4 scrolls of remove curse
Potions
 a - a potion of stabbing {unknown}
 c - a potion of degeneration
 e - 2 potions of lignification
 h - 3 potions of haste
 j - a potion of berserk rage {unknown}
 o - a potion of mutation
 q - a potion of curing


   Skills:
 * Level 8.2 Fighting
 * Level 9.4 Axes
 + Level 7.3 Armour
 + Level 7.2 Shields
 + Level 5.3 Invocations


You had 9 spell levels left.
You didn't know any spells.
Your spell library was empty.

Dungeon Overview and Level Annotations

Branches:
Dungeon (9/15)             Temple (1/1) D:6             Orc (0/2) D:9
   Lair: D:8-11

Altars:
Ashenzari
Cheibriados
Dithmenos
Elyvilon
Fedhas
Gozag
Hepliaklqana
Kikubaaqudgha
Makhleb
Nemelex Xobeh
Qazlal
Ru
Sif Muna
Trog
Uskayaw
Vehumet
Wu Jian
Xom

Shops:
D:6 =   D:9 (

Annotations:
D:9 Maggie


Innate Abilities, Weirdness & Mutations

You are resistant to damage.
You can heal yourself by infusing magical energy.
You passively map the area around you.
You do not regenerate.


Message History

You block Maggie's attack.
Your shield and plate armour prevent you from hitting Maggie.
Maggie is moderately wounded.
You block Maggie's attack.
You slash Maggie! You burn Maggie.
Maggie is severely wounded.
You break out of your daze.
Maggie points at you and mumbles some strange words.
The bolt of fire misses you.
You slash Maggie! You burn Maggie.
Maggie is almost dead.
Maggie gestures at you while chanting. The bolt of fire hits you!
* * * LOW HITPOINT WARNING * * *
You block Maggie's attack.
You hit Maggie. You burn Maggie.
Maggie is almost dead.
Maggie casts a spell at you. The bolt of fire hits you!!
You die...

* * *#.........#
#....# ,* *
+.........# #....# ,
,,,#.........###
#....# , , *
#....>....'.# #....#
#.........#.####....#
*
#.........#....+....#
######'#########..>.+
###..# #....# ,
#?@.## ##†### , **
#@### #..# * ** )..,
** *###'#### ,
.....,, , ,#......# ,
##.... , #......# * ,
#.... #.....†' *
#.... #.....†# ,
..... , ,#......# ,
** * * +......#


You could see Maggie.

Vanquished Creatures
  2 two-headed ogres
  Pikel (D:8)
  Maurice (D:8)
  A hippogriff (D:7)
  3 yaks (D:9)
  Duvessa (D:6)
  A water moccasin (D:5)
  2 orc warriors
  2 ice beasts
  An ogre (D:4)
  A phantom (D:4)
  3 centaurs
  2 big kobolds
  4 bullfrogs
  A scorpion (D:8)
  Dowan (D:6)
  3 orc priests
  A jelly (D:6)
  Crazy Yiuf (D:4)
  A centaur skeleton (D:9)
  3 hounds
  4 orc wizards
  Terence (D:2)
  4 worker ants
  8 adders
  5 white imps
  An ooze (D:2)
  An adder skeleton (D:4)
  3 dart slugs
  A leopard gecko (D:9)
  15 orcs
  7 bats (D:1)
  3 giant cockroaches
  3 goblins (D:1)
  3 hobgoblins (D:1)
  7 jackals
  11 kobolds
  2 quokkas
  A jackal zombie (D:6)
  A leopard gecko skeleton (D:4)
  5 rats (D:1)
122 creatures vanquished.

Vanquished Creatures (others)
  A quokka (D:8)
  2 fungi (D:4)
3 creatures vanquished.

Grand Total: 125 creatures vanquished

Notes
Turn   | Place    | Note
-------+----------+-------------------------------------------
     0 | D:1      | Flugslaktarn the Deep Dwarf Fighter began the quest for the
                  | Orb.
     0 | D:1      | Reached XP level 1. HP: 20/20 MP: 1/1
    37 | D:1      | Reached XP level 2. HP: 27/27 MP: 2/2
   496 | D:1      | Reached XP level 3. HP: 31/34 MP: 3/3
   563 | D:2      | Noticed Terence
   571 | D:2      | Reached skill level 3 in Axes
   582 | D:2      | Killed Terence
   582 | D:2      | Reached XP level 4. HP: 15/42 MP: 4/4
   797 | D:4      | Noticed a phantom
   809 | D:4      | Killed a phantom
   809 | D:4      | Reached XP level 5. HP: 49/50 MP: 5/5
   896 | D:4      | Found a broken altar of Ashenzari.
   992 | D:4      | Noticed an ogre
   996 | D:4      | Killed an ogre
   996 | D:4      | Reached skill level 4 in Axes
   996 | D:4      | Reached XP level 6. HP: 46/57 MP: 6/6
  1285 | D:4      | Found a runed translucent door.
  1286 | D:4      | Noticed Crazy Yiuf
  1499 | D:4      | Paralysed by Crazy Yiuf for 5 turns
  1507 | D:4      | Killed Crazy Yiuf
  1545 | D:5      | Entered Level 5 of the Dungeon
  1817 | D:5      | Noticed a water moccasin
  1835 | D:5      | Killed a water moccasin
  1835 | D:5      | Reached skill level 5 in Axes
  2021 | D:5      | Reached XP level 7. HP: 28/66 MP: 6/6
  2260 | D:5      | Reached skill level 5 in Fighting
  2623 | D:6      | Reached skill level 5 in Armour
  2623 | D:6      | Reached skill level 5 in Shields
  2644 | D:6      | Noticed a two-headed ogre
  2658 | D:6      | Killed a two-headed ogre
  2658 | D:6      | Reached skill level 6 in Axes
  2658 | D:6      | Reached XP level 8. HP: 45/76 MP: 7/7
  2664 | D:6      | Found a bloodstained altar of Trog.
  2809 | D:6      | Found a snail-covered altar of Cheibriados.
  2836 | D:6      | Found a staircase to the Ecumenical Temple.
  2853 | Temple   | Entered the Ecumenical Temple
  3023 | Temple   | Became a worshipper of Makhleb the Destroyer
  3048 | D:6      | Reached skill level 7 in Axes
  3130 | D:6      | Found a shadowy altar of Dithmenos.
  3134 | D:6      | Reached skill level 1 in Invocations
  3148 | D:6      | Noticed Dowan
  3150 | D:6      | Noticed Duvessa
  3173 | D:6      | Killed Dowan
  3176 | D:6      | Killed Duvessa
  3234 | D:6      | Found Reoq's Jewellery Boutique.
  3708 | D:7      | Noticed a hippogriff
  3721 | D:7      | Killed a hippogriff
  3721 | D:7      | Gained mutation: You passively map the area around you.
                  | [Deep Dwarf growth]
  3721 | D:7      | Reached XP level 9. HP: 54/85 MP: 8/8
  4104 | D:8      | Reached * piety under Makhleb
  4448 | D:8      | Found a blossoming altar of Fedhas.
  4457 | D:8      | Found a shimmering altar of Xom.
  4473 | D:8      | Found a radiant altar of Vehumet.
  4476 | D:8      | Noticed Pikel
  4512 | D:8      | Killed Pikel
  4512 | D:8      | Reached skill level 8 in Axes
  4527 | D:8      | Noticed Maurice
  4542 | D:8      | Killed Maurice
  4648 | D:8      | Found a white marble altar of Elyvilon.
  4962 | D:9      | Found Eggeibbil's Weapon Boutique.
  4971 | D:9      | Bought a +1 broad axe of flaming for 227 gold pieces
  4995 | D:9      | Noticed a two-headed ogre
  5016 | D:9      | Killed a two-headed ogre
  5016 | D:9      | Reached skill level 9 in Axes
  5016 | D:9      | Reached XP level 10. HP: 58/96 MP: 11/11
  5100 | D:9      | Reached skill level 5 in Invocations
  5168 | D:9      | Found a staircase to the Orcish Mines.
  5192 | D:9      | Noticed Maggie
  5201 | D:9      | Reached ** piety under Makhleb
  5210 | D:9      | Killed from afar by Maggie

Illustrated notes

Levels and vault maps discovered:
D:1:      lemuel_arrival_hallway, layout_basic, dk_noncrumbling_3,
          nrook_loot_triangle
D:2:      layout_loops_cross, eino_tiny_chamber, kennysheep_cross_room,
          st_stairs_13, uniq_terence
D:3:      layout_loops_corners, ebering_ghost_rock_garden
D:4:      layout_loops_corners, kennysheep_mini, uniq_crazy_yiuf_cottage
D:5:      layout_layer_cave, grunt_ministairs_12
D:6:      layout_cave_pods, kennysheep_mini_moat, kennysheep_slug_shrine,
          minmay_temple_entry_glass, serial_shops, shop,
          nicolae_dithmenos_shadow_blocks, uniq_duvessa
D:7:      layout_basic, nrook_pool_corridor
D:8:      layout_basic, elyvilon_altar_4,
          chequers_temple_overflow_statue_of_worship, basic_altar, uniq_pikel,
          uniq_maurice
D:9:      layout_roguey, yredelemnul_forgotten_temple_becter, minitemple,
          orc_0_dummy, serial_shops, shop, uniq_maggie, uniq_grum
Temple:   hc_temple_tempest_star

Skill      XL: |  1  2  3  4  5  6  7  8  9 10 |
---------------+-------------------------------+-----
Fighting       | 3 4 6 8 |  8.2
Axes           | 3 4 5 6 7 9 |  9.4
Armour         | 4 5 6 7 |  7.3
Shields        | 4 5 6 7 |  7.2
Invocations    | 2 4 5 |  5.3

Action                   |  1- 3 |  4- 6 |  7- 9 | 10-12 || total
-------------------------+-------+-------+-------+-------++-------
Melee: War axe           |    77 |   101 |   305 |       ||   483
       Broad axe         |       |       |     8 |    53 ||    61
 Abil: Heal Wounds       |       |     7 |    15 |     1 ||    23
  Use: Potion            |       |     1 |     2 |       ||     3
       Scroll            |       |       |    10 |       ||    10
Armor: Scale mail        |    32 |    39 |    28 |       ||    99
       Chain mail        |       |       |    57 |       ||    57
       Plate armour      |       |       |    66 |    21 ||    87
       Skin              |       |       |     3 |     2 ||     5
Dodge: Dodged            |    28 |    27 |    50 |     6 ||   111
Block: Kite shield       |    30 |    50 |    33 |       ||   113
       Tower shield      |       |       |   212 |    51 ||   263

Table legend: (Time is in decaauts)
 A = Elapsed time spent in this place.
 B = Non-inter-level travel time spent in this place.
 C = Inter-level travel time spent in this place.
 D = Time resting spent in this place.
 E = Time spent auto-exploring this place.
 F = Levels seen in this place.
 G = Mean time per level.
                   A        B        C        D        E       F      G
               +--------+--------+--------+--------+--------+-----+--------+
         Total |   5375 |   5051 |    324 |    177 |   3722 |  10 |  537.5 |
       Dungeon |   5191 |   4915 |    276 |    177 |   3589 |   9 |  576.8 |
        Temple |    183 |    135 |     48 |      0 |    133 |   1 |  183.0 |
               +--------+--------+--------+--------+--------+-----+--------+

Top non-repeatable levels by time:
     D:5: 1091 daAuts
     D:4: 892 daAuts
     D:6: 790 daAuts
     D:7: 771 daAuts
     D:8: 667 daAuts
     D:1: 552 daAuts
     D:9: 263 daAuts
  Temple: 183 daAuts
     D:2: 117 daAuts
     D:3: 43 daAuts
